AoeStats
← 大明湖畔

Arena

510893914Analyzed
3v3 RM · 14h ago on Oct 3, 2026· 43m 49s· 6 players
Game mode
Random Map
Map size
Normal (6 player)
Population
200
Speed
Normal
Resources
Standard
Victory
Conquest
Starting age
Dark Age
Ending age
Imperial Age
RankedLock teamsTeams togetherTeam positionsShared explorationLock speedFull tech treeHidden civsTurbo modeCheats
Victory
Defeat
🇦🇷 Franks · Argentina
1183
+12
🇨🇴 Malay · Colombia
1140
+14
🇦🇺 Britons · Australia
1100
+16
🇧🇷 Danes · Brazil
1126
-15
🇧🇷 Spanish · Brazil
1091
-14
🇧🇷 Khmer · Brazil
1078
-13
Saul carvajal 9
10:04 Feudal Age
12:56 Loom
16:39 Castle Age
14:51 Double-Bit Axe
15:01 Horse Collar
29:31 Wheelbarrow
30:48 Hand Cart
36:07 Imperial Age
33:23 Town Watch
34:09 Gold Mining
34:10 Stone Mining
34:33 Bow Saw
33:53 Pikeman
35:07 Fletching
35:28 Forging
36:58 Chemistry
36:32 Conscription
37:07 Gold Shaft Mining
37:07 Stone Shaft Mining
36:39 Crossbowman
37:24 Thumb Ring
37:55 Halberdier
42:11 Iron Casting
41:31 Bodkin Arrow
41:36 Padded Archer Armor
41:03 Arbalester
Meta meta
11:51 Feudal Age
16:39 Castle Age
14:55 Double-Bit Axe
15:22 Gold Mining
16:10 Loom
16:49 Stone Mining
18:26 Fletching
30:29 Wheelbarrow
37:16 Imperial Age
35:01 Bow Saw
37:27 Hand Cart
36:58 Town Watch
39:35 Scale Barding Armor
39:40 Forging
39:51 Forging
39:52 Husbandry
39:14 Cavalier
41:01 Chain Barding Armor
41:20 Iron Casting
40:35 Paladin
42:56 Plate Barding Armor
43:22 Blast Furnace
44:15 Conscription
44:02 Chivalry
大明湖畔
9:21 Feudal Age
14:05 Castle Age
12:27 Double-Bit Axe
12:24 Horse Collar
15:19 Wheelbarrow
21:22 Husbandry
21:54 Scale Barding Armor
22:31 Bow Saw
23:19 Loom
24:13 Hand Cart
23:46 Town Watch
25:22 Forging
26:12 Gold Mining
27:00 Iron Casting
30:28 Chain Barding Armor
31:08 Heavy Plow
36:04 Imperial Age
37:07 Cavalier
38:23 Plate Barding Armor
38:49 Blast Furnace
38:39 Gold Shaft Mining
38:29 Capped Ram
42:00 Conscription
41:52 Scale Mail Armor
43:15 Fletching
43:26 Padded Archer Armor
[VENINI]LordMooca
0:28 Loom
10:57 Feudal Age
9:14 Loom
14:43 Castle Age
15:10 Double-Bit Axe
19:15 Scale Mail Armor
20:57 Forging
24:12 Chain Mail Armor
[VENINI]LordKayatt
11:43 Feudal Age
10:13 Loom
15:40 Castle Age
13:48 Horse Collar
14:35 Double-Bit Axe
15:59 Bloodlines
18:09 Bow Saw
20:10 Husbandry
22:12 Wheelbarrow
23:14 Hand Cart
25:52 Stone Mining
33:14 Imperial Age
32:24 Padded Archer Armor
32:56 Pikeman
34:24 Scale Mail Armor
[VENINI]LordFio
11:16 Feudal Age
15:55 Castle Age
14:53 Loom
15:39 Double-Bit Axe
15:37 Horse Collar
23:37 Fletching
24:43 Heavy Plow
29:00 Bodkin Arrow
29:08 Padded Archer Armor
31:48 Bloodlines
31:40 Husbandry
33:00 Wheelbarrow
32:11 Town Watch
34:47 Scale Barding Armor
36:32 Bow Saw
36:36 Forging
43:06 Chain Barding Armor
43:22 Iron Casting
Connection lost

Rejoining the realm…

Still unreachable

The connection could not be restored.

Session expired

The server has moved on; the page needs a fresh start.